[gd_scene load_steps=11 format=2]

[ext_resource path="res://addons/vrtools/scenes/vrplayer.tscn" type="PackedScene" id=1]
[ext_resource path="res://addons/vrtools/scenes/ARVRUI.tscn" type="PackedScene" id=2]
[ext_resource path="res://Assets/WhatsApp Image 2022-03-01 at 14.19.19.jpeg" type="Texture" id=3]
[ext_resource path="res://Assets/title.jpg" type="Texture" id=4]
[ext_resource path="res://Assets/Font.otf" type="DynamicFontData" id=5]
[ext_resource path="res://Ui/LoadingScene.gd" type="Script" id=6]

[sub_resource type="PanoramaSky" id=2]
panorama = ExtResource( 3 )

[sub_resource type="Environment" id=3]
background_mode = 2
background_sky = SubResource( 2 )

[sub_resource type="DynamicFont" id=4]
font_data = ExtResource( 5 )

[sub_resource type="DynamicFont" id=1]
font_data = ExtResource( 5 )

[node name="scene" type="Spatial"]
script = ExtResource( 6 )

[node name="WorldEnvironment" type="WorldEnvironment" parent="."]
environment = SubResource( 3 )

[node name="Timer" type="Timer" parent="."]
wait_time = 5.0
one_shot = true
autostart = true

[node name="ARVROrigin" parent="." instance=ExtResource( 1 )]

[node name="ARVRUI" parent="." instance=ExtResource( 2 )]
transform = Transform( 0.620956, 0, -0.783845, 0, 1, 0, 0.783845, 0, 0.620956, 5.21946, 3.02751, -3.62008 )
control = NodePath("Control")

[node name="Control" type="Control" parent="ARVRUI"]
margin_right = 1024.0
margin_bottom = 600.0

[node name="Label2" type="Label" parent="ARVRUI/Control"]
anchor_left = 0.338
anchor_top = 0.72
anchor_right = 0.629
anchor_bottom = 0.765
margin_left = -0.11203
margin_top = -3.05176e-05
margin_right = -0.0960083
margin_bottom = -3.05176e-05
custom_fonts/font = SubResource( 4 )
align = 1
valign = 1
uppercase = true

[node name="Label" type="Label" parent="ARVRUI/Control"]
anchor_left = 0.328
anchor_top = 0.615
anchor_right = 0.692
anchor_bottom = 0.732
margin_left = 0.127991
margin_right = 0.391968
margin_bottom = -0.200043
custom_fonts/font = SubResource( 1 )
text = "Черенковые амброзии"
align = 1
valign = 1
uppercase = true

[node name="HSlider" type="HSlider" parent="ARVRUI/Control"]
anchor_left = 0.161
anchor_top = 0.717
anchor_right = 0.878
anchor_bottom = 1.0
margin_left = 0.135986
margin_top = -0.200012
margin_right = -0.0720215

[node name="Title" type="Sprite" parent="ARVRUI/Control"]
position = Vector2( 523.5, 184.625 )
scale = Vector2( 0.42625, 0.388065 )
texture = ExtResource( 4 )

[connection signal="timeout" from="Timer" to="." method="_on_Timer_timeout"]
